Map: King's Cove LE

Players

Special - Winner!

  • Race: Terran Terran
  • League: Master
  • Spawn Location: 5:00

Ziggy

  • Race: Terran Terran
  • Spawn Location: 11:00

Event: 2019 WCS Spring

VOD

Have the link to the VOD?

Description

Time

  • Played on: May 17, 2019, 1:22 p.m.
  • Length: 10:35

All games in this series

Show
View Real Time Build Order
Export as new Build Order

Special Terran - Winner!

Build Orders: 1/1/1, Liberator Opening 

Get SALT Encoding   

  12  0:01  SCV  
  13  0:13  SCV  
  14  0:18  Supply Depot  
  14  0:25  SCV  
  15  0:29  Refinery  
  15  0:39  SCV  
  16  0:45  Barracks  
  16  0:51  SCV  
  16  0:56  Refinery  
  17  1:03  SCV  
  18  1:15  SCV  
  20  1:34  Reaper, Orbital Command  
  20  1:40  Factory  
  20  1:51  Supply Depot  
  20  2:00  SCV  
  21  2:05  Marine  
  22  2:12  SCV  
  23  2:23  Marine  
  23  2:24  Starport  
  23  2:26  Hellion  
  25  2:31  SCV  
  24  2:41  Marine  
  24  2:42  Supply Depot  
  24  2:43  SCV  
  26  2:47  Liberator  
  26  2:48  Hellion  
  28  3:00  SCV  
  28  3:02  Marine  
  33  3:12  Factory Tech Lab  
  33  3:13  SCV  
  33  3:22  Barracks Reactor  
  33  3:25  SCV  
  34  3:31  Cyclone  
  37  3:38  SCV  
  38  3:46  Command Center  
  38  3:50  SCV  
  39  3:56  Supply Depot  
  39  4:17  SCV, Cyclone, Marine x2  
  45  4:29  SCV  
  46  4:35  Marine  
  47  4:40  Liberator  
  47  4:42  Marine  
  45  4:46  SCV, Command Center  
  46  4:58  SCV, Marine  
  51  5:06  Marine  
  48  5:10  SCV  
  48  5:11  Orbital Command  
  46  5:20  Siege Tank  
  49  5:23  SCV  
  49  5:28  Marine x2  
  52  5:35  SCV  
  53  5:36  SCV  
  54  5:47  SCV  
  54  5:48  SCV  
  56  5:55  Siege Tank  
  59  5:58  Barracks x2  
  59  5:59  SCV  
  59  6:00  SCV  
  59  6:02  SCV, Barracks Tech Lab  
  62  6:11  SCV  
  63  6:12  SCV  
  63  6:13  Engineering Bay  
  63  6:16  Engineering Bay  
  65  6:19  Orbital Command  
  65  6:22  Refinery x2  
  64  6:26  Marine  
  64  6:28  SCV x2  
  64  6:31  Siege Tank  
  67  6:38  Starport Reactor  
  64  6:40  SCV x2  
  64  6:46  Missile Turret x2  
  65  6:47  Marine  
  65  6:48  Stimpack  
  65  6:51  SCV  
  65  6:52  SCV x2  
  65  7:00  Barracks Reactor  
  62  7:04  SCV x3  
  62  7:07  Terran Infantry Armor Level 1  
  65  7:11  Terran Infantry Weapons Level 1  
  65  7:16  SCV x3  
  65  7:19  Marine x2  
  65  7:21  Marine  
  70  7:28  SCV, Medivac  
  73  7:34  Medivac  
  73  7:37  SCV x2  
  77  7:44  Supply Depot  
  77  7:50  Supply Depot, Marine x3  
  80  7:51  Orbital Command  
  80  7:53  SCV, Supply Depot  
  80  7:54  SCV  
  82  7:58  Marine  
  82  7:59  Marine  
  82  8:05  SCV  
  85  8:06  Siege Tank  
  85  8:07  SCV  
  85  8:08  Supply Depot, Marine  
  90  8:16  Medivac  
  90  8:17  SCV, Medivac  
  90  8:18  SCV  
  90  8:19  SCV  
  97  8:22  Marine x2  
  97  8:23  Marine  
  99  8:29  SCV  
  99  8:30  SCV, Marine x2  
  99  8:31  SCV  
  99  8:32  Supply Depot  
  104  8:39  Marine  
  104  8:40  Marine  
  104  8:41  SCV, Marine  
  107  8:44  Siege Tank  
  107  8:48  Marine x2  
  112  8:57  Marine  
  112  8:58  Barracks, Marine  
  112  8:59  Marine  
  115  9:05  Marine  
  115  9:06  Marine  
  115  9:07  Armory  
  112  9:11  Barracks  
  112  9:12  Medivac x2  
  112  9:15  Marine x2  
  112  9:16  Siege Tank  
  118  9:17  Marine  
  118  9:21  SCV x2  
  118  9:23  Marine x2  
  113  9:33  Marine x2  
  113  9:35  Marine  
  108  9:41  Marine x2  
  108  9:42  Medivac  
  108  9:43  Medivac  
  106  9:48  Siege Tank  
  106  9:51  Marine x2, Barracks Reactor  
  105  9:53  Refinery, Marine  
  105  9:55  Refinery  
  105  9:58  Barracks Reactor  
  105  9:59  Marine x2  
  105  10:08  Marine  
  105  10:09  Marine  
  105  10:11  Marine  
  110  10:17  Marine x2  
Show
View Real Time Build Order
Export as new Build Order

Ziggy Terran 

Build Orders:  

Get SALT Encoding   

  12  0:00  SCV  
  13  0:12  SCV  
  14  0:18  Supply Depot  
  14  0:24  SCV  
  15  0:42  Barracks  
  15  0:45  Refinery  
  15  0:56  Barracks  
  15  1:03  Refinery  
  15  1:08  SCV  
  16  1:20  SCV  
  17  1:30  Reaper  
  18  1:38  Orbital Command  
  18  1:44  Reaper  
  18  2:01  Factory  
  18  2:05  SCV  
  19  2:15  Supply Depot  
  19  2:18  SCV  
  19  2:31  SCV  
  20  2:43  SCV  
  21  2:46  Factory Tech Lab  
  22  3:02  Command Center  
  22  3:04  Cyclone  
  24  3:07  SCV  
  25  3:19  SCV  
  26  3:22  Supply Depot  
  26  3:27  Marine  
  26  3:31  SCV  
  28  3:36  Cyclone  
  31  3:44  SCV, Marine  
  31  3:45  Marine  
  34  3:56  Starport  
  34  3:58  SCV  
  34  4:02  Marine  
  36  4:03  Marine  
  37  4:10  SCV  
  37  4:13  Siege Tank  
  40  4:22  SCV  
  37  4:34  SCV  
  36  4:41  Orbital Command  
  36  4:46  SCV  
  37  4:58  SCV  
  38  5:10  SCV x2  
  38  5:11  Marine  
  38  5:12  Marine  
  38  5:13  Banshee  
  45  5:16  Cloaking Field  
  45  5:22  SCV  
  45  5:24  SCV  
  44  5:29  Marine  
  44  5:31  Factory Tech Lab  
  44  5:34  SCV  
  45  5:36  SCV  
  45  5:40  Marine  
  47  5:46  SCV  
  47  5:47  Marine  
  47  5:48  SCV  
  50  5:54  Cyclone  
  50  5:56  Viking  
  55  5:58  SCV  
  55  6:00  SCV  
  57  6:05  Marine x2  
  57  6:11  SCV  
  52  6:12  SCV  
  52  6:23  SCV  
  52  6:24  SCV, Barracks Reactor, Barracks Tech Lab  
  54  6:26  Siege Tank  
  56  6:34  Command Center  
  56  6:35  SCV  
  56  6:37  SCV  
  58  6:44  Raven  
  60  6:47  SCV  
  60  6:49  SCV  
  62  6:59  Refinery  
  62  7:00  Refinery  
  62  7:05  Supply Depot  
  62  7:06  Supply Depot x2  
  62  7:08  SCV x2  
  64  7:14  Marine x3  
  64  7:15  Stimpack  
  67  7:20  SCV x2  
  67  7:21  Engineering Bay  
  69  7:24  Engineering Bay  
  69  7:30  Raven  
  69  7:32  SCV x2, Marine x3  
  76  7:42  Barracks  
  76  7:44  SCV x2, Barracks  
  76  7:45  Barracks x2  
  76  7:47  Orbital Command  
  76  7:49  Terran Infantry Weapons Level 1  
  76  7:51  Terran Infantry Armor Level 1  
  78  7:56  SCV  
  78  7:57  Missile Turret  
  79  7:59  Missile Turret  
  79  8:01  SCV  
  79  8:03  Missile Turret  
  79  8:04  Marine  
  79  8:05  Orbital Command  
  81  8:07  Marine x2  
  81  8:08  SCV  
  81  8:11  Siege Tank  
  87  8:19  SCV  
  88  8:20  SCV  
  88  8:22  Marine  
  88  8:24  Marine x2  
  89  8:29  Starport Reactor  
  89  8:31  SCV  
  89  8:32  SCV  
  89  8:34  Barracks Reactor x4  
  91  8:35  SCV  
  91  8:39  Marine  
  93  8:42  Marine x2  
  93  8:43  SCV  
  93  8:44  Siege Tank  
  93  8:47  SCV  
  93  8:48  SCV  
  101  8:53  Supply Depot, Refinery  
  101  8:55  Supply Depot, Refinery  
  101  8:56  SCV, Supply Depot  
  101  8:57  Marine  
  101  8:59  SCV  
  101  9:00  Marine  
  101  9:02  Armory, Marine  
  104  9:15  SCV x2, Marine  
  105  9:18  Marine  
  105  9:20  Marine  
  105  9:22  SCV  
  108  9:27  SCV x2  
  108  9:29  Marine x6  
  114  9:33  Marine  
  114  9:35  SCV  
  114  9:38  Marine x2  
  106  9:39  SCV x2  
  91  9:47  SCV  
  91  9:48  Marine  
  91  9:50  Marine x5  
  91  9:51  SCV x2, Marine x3  
  100  9:55  Siege Tank  
  100  9:59  SCV  
  104  10:03  SCV x2  
  104  10:04  Marine  
  104  10:05  Marine  
  104  10:06  Marine  
  109  10:08  Marine  
  109  10:11  SCV  
  115  10:15  SCV  
  115  10:17  SCV  
  114  10:23  SCV  
Tags
 
Add a new tag
Caveats
  • Supply blocks, unpowered buildings, or Contaminate may cause inaccurate times.
  • Supply counts are checked every 10 seconds.